 Dungeon Crawl Stone Soup version 0.30-a0-1160-g6e42c06551 (webtiles) character file.

Game seed: 3760413947819416420

6665 porpoise the Slicer (level 11, -6/55 HPs)
             Began as a Vine Stalker Brigand on Apr 27, 2023.
             Was a Believer of Wu Jian.
             Mangled by a gargoyle
             ... wielding a +0 mace
              (9 damage)
             ... on level 10 of the Dungeon.
             The game lasted 00:53:09 (8851 turns).

porpoise the Slicer (Vine Stalker Brigand)          Turns: 8851, Time: 00:53:10

Health: -6/55      AC: 10    Str: 20    XL:     11   Next: 3%
Magic:  0/12       EV: 14    Int: 11    God:    Wu Jian [**....]
Gold:   570        SH:  6    Dex: 20    Spells: 7/10 levels left

rFire   . . .        z - +1 dagger "Dragon's Tongue" {heavy, SInv}
rCold   . . .        O - +0 buckler
rNeg    + . .        e - +2 leather armour {rPois}
rPois   +            n - +2 helmet
rElec   .            g - +0 cloak
rCorr   .            U - +0 pair of gloves
SInv    +            (no boots)
Will    +....        (no amulet)
Stlth   ++++         D - ring of positive energy
HPRegen 1.09/turn    p - +6 ring of strength
MPRegen 0.13/turn

%: guardian spirit
@: mighty
A: fangs 3, regeneration 1, magic shield, antimagic bite, no potion heal 2
a: Renounce Religion, Wall Jump


You were on level 10 of the Dungeon.
You worshipped Wu Jian.
Wu Jian was pleased with you.
You visited 2 branches of the dungeon, and saw 11 of its levels.
You also visited: Ossuary.

You collected 570 gold pieces.

Inventory:

Hand Weapons
 a - a +3 short sword of venom
 b - a +0 sling
 u - a +1 dagger of speed
 w - a +1 vampiric dagger
 z - the +1 dagger "Dragon's Tongue" (weapon) {heavy, SInv}
   (You found it on level 4 of the Dungeon)

   SInv:      It lets you see invisible.
 M - a +0 short sword of electrocution
 N - a +3 dagger of venom
 R - a +4 short sword
Missiles
 d - 31 poisoned darts (quivered)
 f - 6 javelins
 l - 6 curare-tipped darts
 v - 4 boomerangs
 y - 8 atropa-tipped darts
Armour
 e - a +2 leather armour of poison resistance (worn)
 g - a +0 cloak (worn)
 h - +0 steam dragon scales
 n - a +2 helmet (worn)
 F - a +2 hat
 O - a +0 buckler (worn)
 T - a scarf of shadows
 U - a +0 pair of gloves (worn)
Jewellery
 m - a ring of fire
 p - a +6 ring of strength (right hand)
 D - a ring of positive energy (left hand)
 Q - a ring of fire
Wands
 r - a wand of acid (10)
 J - a wand of roots (23)
Scrolls
 j - a scroll of butterflies
 o - 4 scrolls of teleportation
 s - a scroll of poison {unknown}
 G - a scroll of immolation {unknown}
 H - 3 scrolls of fog
 K - a scroll of brand weapon {unknown}
 L - a scroll of enchant armour {unknown}
 S - a scroll of enchant weapon {unknown}
 V - a scroll of fear {unknown}
 X - a scroll of noise {unknown}
 Y - a scroll of amnesia {unknown}
Potions
 c - a potion of might
 i - a potion of lignification
 k - a potion of magic
 q - 9 potions of curing
 t - a potion of haste {unknown}
 x - 3 potions of mutation
 A - 2 potions of ambrosia
 B - a potion of attraction
 C - a potion of resistance
 E - 4 potions of flight
 I - 2 potions of brilliance {unknown}
 P - 2 potions of berserk rage {unknown}
 W - a potion of cancellation {unknown}


   Skills:
 - Level 5.0 Fighting
 - Level 10.0 Short Blades
 - Level 1.7 Throwing
 + Level 2.9 Armour
 - Level 5.0 Dodging
 - Level 10.0 Stealth
 - Level 5.0 Shields
 + Level 1.9 Evocations


You had 7 spell levels left.
You knew the following spells:

 Your Spells              Type           Power      Damage    Failure   Level
a - Confusing Touch       Hex            0%         N/A       83%         3

Your spell library contained the following spells:

 Spells                   Type           Power      Damage    Failure   Level
 Kiss of Death            Conj/Necr      0%         2d5       45%         1
 Magic Dart               Conj           0%         1d3       45%         1
 Shock                    Conj/Air       0%         1d3       45%         1
 Call Imp                 Summ           0%         N/A       61%         2
 Sublimation of Blood     Necr           0%         N/A       61%         2
 Call Canine Familiar     Summ           0%         N/A       83%         3
 Mephitic Cloud           Conj/Pois/Air  0%         N/A       83%         3
 Portal Projectile        Hex/Tloc       0%         N/A       83%         3
 Swiftness                Air            0%         N/A       83%         3
 Vhi's Electric Charge    Tloc/Air       0%         N/A       83%         3
 Airstrike                Air            0%         2d(0-16)  99%         4
 Dispel Undead            Necr           0%         3d6       99%         4
 Leda's Liquefaction      Hex/Erth       0%         N/A       99%         4
 Petrify                  Tmut/Erth      0%         N/A       99%         4
 Arcjolt                  Conj/Air       0%         1d10      100%        5
 Irradiate                Conj/Tmut      0%         3d11      100%        5
 Maxwell's Capacitive Co  Air            0%         ∞         100%        8


Dungeon Overview and Level Annotations

Branches:
Dungeon (10/15)            Temple (1/1) D:7         Ossuary (visited)
   Lair: D:8-11         Orc: D:9-12

Altars:
Ashenzari
Cheibriados
Dithmenos
Elyvilon
Fedhas
Gozag
Hepliaklqana
Kikubaaqudgha
Makhleb
Nemelex Xobeh
Okawaru
Qazlal
Ru
Sif Muna
Trog
Uskayaw
Vehumet
Wu Jian
Xom
Yredelemnul
Zin
The Shining One


Innate Abilities, Weirdness & Mutations

You have razor-sharp teeth.
Your natural rate of healing is unusually fast.
When hurt, damage is shared between your health and your magic reserves.
Your bite disrupts and absorbs the magic of your enemies.
Potions cannot restore your health.


Message History

You hit the gargoyle.
You bite the gargoyle, but do no damage.
The gargoyle is lightly damaged.
The gargoyle closely misses you.
You hit the gargoyle but do no damage.
You bite the gargoyle, but do no damage.
The gargoyle is lightly damaged.
You closely miss the gargoyle.
The gargoyle is lightly damaged.
The gargoyle hurls a stone arrow at you.
The stone arrow hits you!
You feel very mighty all of a sudden. The gargoyle hits you with a +0 mace.
You hit the gargoyle.
The gargoyle is lightly damaged.
The gargoyle hits you with a +0 mace!
* * * LOW HITPOINT WARNING * * *
Magic courses through your body. The gargoyle completely misses you.
You puncture the gargoyle! You bite the gargoyle. You drain its power.
The gargoyle is heavily damaged.
The gargoyle hurls a stone arrow at you.
The stone arrow hits you!
* * * LOW HITPOINT WARNING * * *
You hit the gargoyle but do no damage.
The gargoyle is heavily damaged.
The gargoyle hits you with a +0 mace.
* * * LOW HITPOINT WARNING * * *
You hit the gargoyle but do no damage. You bite the gargoyle!
You drain its power.
You feel invigorated.
The gargoyle is almost destroyed.
You hit the gargoyle but do no damage.
You bite the gargoyle, but do no damage.
The gargoyle is almost destroyed.
The gargoyle hurls a stone arrow at you.
The stone arrow hits you!!
* * * LOW HITPOINT WARNING * * *
You barely miss the gargoyle.
The gargoyle is almost destroyed.
The gargoyle hits you with a +0 mace!
You die...

#### # #..## ##### #
#...####...######
#...##........##.
###..............#. #
#..................
#..#......#.#.........
#...9@......##........
#.......##..###....[..
#......##...............
....... #..........##.#.
....... #.#...........##
..#.... ..#...)........#
....... ....#...........
...... .. ...........
........


You could see a gargoyle.

Vanquished Creatures
  A boulder beetle (D:8)
  A two-headed ogre (D:8)
  A hornet (D:9)
  Eustachio (D:4)
  3 yaks (D:10)
  A vampire (D:10)
  2 wyverns (D:10)
  2 steam dragons
  A water moccasin (D:3)
  A sky beast (D:7)
  2 orc warriors
  2 ice beasts (D:5)
  3 black bears
  2 ogres (D:5)
  5 centaurs
  4 kobold brigands
  3 elf zombies (Ossuary)
  4 bullfrogs
  A gnoll sergeant (D:9)
  6 wights
  9 killer bees
  2 human zombies (Ossuary)
  9 orc priests
  2 jellies (D:6)
  2 hounds (D:5)
  A sleepcap (D:5)
  2 iguanas (D:6)
  10 orc wizards
  2 hound zombies (Ossuary)
  4 mummies
  5 adders
  7 gnolls
  3 adder zombies (Ossuary)
  A worm (D:2)
  4 dart slugs
  37 orcs
  9 ball pythons
  4 endoplasms
  2 giant cockroaches
  A gnoll zombie (Ossuary)
  8 goblins
  3 hobgoblins
  13 jackals
  27 kobolds
  4 quokkas
  3 bats
  A frilled lizard (D:3)
  5 goblin zombies
  4 hobgoblin zombies
  3 jackal zombies (Ossuary)
  5 kobold zombies (Ossuary)
  3 orc zombies (Ossuary)
  3 quokka zombies (Ossuary)
  6 rats
  2 rat zombies (Ossuary)
252 creatures vanquished.

Vanquished Creatures (others)
  An orc (D:5)
  A plant (D:7)
2 creatures vanquished.

Grand Total: 254 creatures vanquished

Notes
Turn   | Place    | Note
-------+----------+-------------------------------------------
     0 | D:1      | porpoise the Vine Stalker Brigand began the quest for the
                  | Orb.
     0 | D:1      | Reached XP level 1. HP: 11/11 MP: 2/2
   224 | D:1      | Reached XP level 2. HP: 15/15 MP: 3/3
   623 | D:1      | Reached XP level 3. HP: 16/18 MP: 2/4
  1102 | D:2      | Found a broken altar of Ashenzari.
  1302 | D:2      | Gained mutation: Your natural rate of healing is unusually
                  | fast. [Vine Stalker growth]
  1302 | D:2      | Reached XP level 4. HP: 10/23 MP: 5/5
  2172 | D:3      | Noticed a water moccasin
  2176 | D:3      | Killed a water moccasin
  2177 | D:3      | Reached XP level 5. HP: 28/28 MP: 6/6
  2262 | D:3      | Reached XP level 6. HP: 29/32 MP: 5/7
  2728 | D:4      | Reached skill level 5 in Short Blades
  2781 | D:4      | Noticed a black bear
  2790 | D:4      | Killed a black bear
  2910 | D:4      | Noticed Eustachio
  2930 | D:4      | Killed Eustachio
  2931 | D:4      | Reached XP level 7. HP: 29/37 MP: 6/8
  3503 | D:4      | Identified the +1 dagger "Dragon's Tongue" {heavy, SInv}
  3558 | D:5      | Entered Level 5 of the Dungeon
  3672 | D:5      | Noticed a steam dragon
  3688 | D:5      | Killed a steam dragon
  3689 | D:5      | Reached skill level 5 in Fighting
  3689 | D:5      | Gained mutation: You have razor-sharp teeth. [Vine Stalker
                  | growth]
  3689 | D:5      | Reached XP level 8. HP: 21/43 MP: 5/9
  3830 | D:5      | Found a sand-covered staircase.
  3838 | Ossuary  | Entered an ossuary
  4051 | Ossuary  | Reached skill level 5 in Stealth
  4547 | D:5      | Learned a level 3 spell: Confusing Touch
  4945 | D:5      | Reached XP level 9. HP: 47/47 MP: 10/10
  5611 | D:7      | Found a staircase to the Ecumenical Temple.
  5649 | Temple   | Entered the Ecumenical Temple
  5904 | Temple   | Became a worshipper of the Wu Jian Council
  6082 | D:7      | Reached skill level 10 in Short Blades
  6345 | D:8      | Reached skill level 1 in Evocations
  6495 | D:8      | Reached * piety under Wu Jian
  6560 | D:8      | Reached skill level 1 in Shields
  6870 | D:8      | Noticed a boulder beetle
  6885 | D:8      | Killed a boulder beetle
  6886 | D:8      | Reached skill level 10 in Stealth
  6886 | D:8      | Reached XP level 10. HP: 30/51 MP: 9/11
  7052 | D:8      | Noticed a two-headed ogre
  7064 | D:8      | Killed a two-headed ogre
  7971 | D:9      | Reached skill level 5 in Shields
  8346 | D:10     | Entered Level 10 of the Dungeon
  8367 | D:10     | Reached skill level 1 in Armour
  8431 | D:10     | Reached ** piety under Wu Jian
  8550 | D:10     | Found a snail-covered altar of Cheibriados.
  8660 | D:10     | Reached skill level 5 in Dodging
  8660 | D:10     | Reached XP level 11. HP: 55/55 MP: 12/12
  8850 | D:10     | HP: 2/55 [gargoyle/stone arrow (8)]
  8851 | D:10     | Mangled by a gargoyle

Illustrated notes

Levels and vault maps discovered:
D:1:      dpeg_arrival_castle, layout_basic, serial_curves, eino_curves_03,
          eino_curves_04, eino_curves_01, eino_curves_01
D:2:      layout_loops_ring, basic_altar, minmay_misc_feat_pillars
D:3:      layout_rooms, serial_co_window_serial, co_window_paths_a,
          co_window_corner_a, co_window_corner_a, co_window_paths_a,
          co_window_cross_1, co_window_of_opportunity_b, co_window_broadway_b,
          co_window_2corner, glass_columns_b, glass_columns_a
D:4:      layout_rooms, bh_walls_and_bars, uniq_eustachio
D:5:      layout_loops_cross, nicolae_ossuary_entry_giza, st_stairs_6,
          amethyst_killhole
D:6:      layout_rooms
D:7:      layout_rooms, minmay_temple_entry_overgrown
D:8:      layout_basic, david_defended_altar_orc
D:9:      layout_loops_ring
D:10:     layout_cave_pools, kennysheep_slug_shrine, minmay_statues_item
Temple:   mainiacjoe_temple_hex_bubbles

Skill      XL: |  1  2  3  4  5  6  7  8  9 10 |
---------------+-------------------------------+-----
Short Blades   | 2 3 4 5 6 8 10 | 10.0
Fighting       | 2 3 4 5 |  5.0
Stealth        | 6 10 | 10.0
Evocations     | 1 |  1.9
Shields        | 3 5 |  5.0
Dodging        | 5 |  5.0
Armour         | 2 |  2.9
Throwing       | |  1.7

Action                     |  1- 3 |  4- 6 |  7- 9 | 10-12 || total
---------------------------+-------+-------+-------+-------++-------
  Melee: Dagger            |    85 |   117 |   178 |    24 ||   404
         Bite              |    22 |    36 |   136 |    67 ||   261
         Punch             |       |     3 |     2 |       ||     5
         Short sword       |       |       |   208 |   160 ||   368
   Fire: Sling             |       |     1 |    80 |       ||    81
  Throw: Dart              |    16 |    24 |    21 |    17 ||    78
         Javelin           |       |       |     3 |     2 ||     5
Ability: Lunge             |       |       |    13 |    22 ||    35
         Whirlwind         |       |       |       |     8 ||     8
    Use: Scroll            |       |     4 |    12 |     1 ||    17
         Potion            |       |     1 |       |     2 ||     3
   Stab: Sleeping          |     6 |     6 |    14 |     3 ||    29
         Invisible         |       |     2 |       |       ||     2
         Distracted        |       |       |     1 |       ||     1
 Armour: Robe              |     7 |       |       |       ||     7
         Leather armour    |     6 |    39 |   114 |    18 ||   177
  Dodge: Dodged            |    41 |    59 |   138 |    52 ||   290
  Block: Buckler           |       |       |     3 |    21 ||    24

Table legend: (Time is in decaauts)
 A = Elapsed time spent in this place.
 B = Non-inter-level travel time spent in this place.
 C = Inter-level travel time spent in this place.
 D = Time resting spent in this place.
 E = Time spent auto-exploring this place.
 F = Levels seen in this place.
 G = Mean time per level.
                   A        B        C        D        E       F      G
               +--------+--------+--------+--------+--------+-----+--------+
         Total |   8657 |   8435 |    222 |   2027 |   4112 |  12 |  721.4 |
       Dungeon |   7963 |   7777 |    186 |   2025 |   3881 |  10 |  796.3 |
        Temple |    270 |    234 |     36 |      0 |    231 |   1 |  270.0 |
       Ossuary |    422 |    422 |      0 |      2 |      0 |   1 |  422.0 |
               +--------+--------+--------+--------+--------+-----+--------+

Top non-repeatable levels by time:
     D:8: 1098 daAuts
     D:1: 1078 daAuts
     D:9: 963 daAuts
     D:5: 949 daAuts
     D:4: 929 daAuts
     D:2: 855 daAuts
     D:3: 672 daAuts
     D:6: 592 daAuts
    D:10: 472 daAuts
 Ossuary: 422 daAuts
     D:7: 351 daAuts
  Temple: 270 daAuts
